 Dungeon Crawl Stone Soup version 0.25.0-11-g1f837a76a1 (webtiles) character file.

Game seed: 15030339838432907169

413 nikku the Skirmisher (level 6, -4/57 HPs)
             Began as a Ghoul Monk on June 25, 2020.
             Slain by an ogre
             ... wielding a +0 giant club
              (19 damage)
             ... on level 3 of the Dungeon.
             The game lasted 00:09:17 (3593 turns).

nikku the Skirmisher (Ghoul Monk)                   Turns: 3593, Time: 00:09:18

Health: -4/57      AC:  6    Str: 17    XL:     6   Next: 91%
Magic:  5/5        EV: 11    Int:  5    God:
Gold:   182        SH:  0    Dex: 11    Spells: 5/5 levels left

rFire    + . .     SeeInvis .     - Unarmed
rCold    + . .     Gourm    .   (no shield)
rNeg     + + +     Faith    .   a - +1 ring mail
rPois    ∞         Spirit   .   (no helmet)
rElec    .         Reflect  .   (no cloak)
rCorr    .         Harm     .   (no gloves)
MR       .....                  (no boots)
Stlth    +.........             (no amulet)
HPRegen  0.00/turn              j - ring of protection from fire
MPRegen  0.09/turn              (no ring)

@: about to teleport, rotting
A: rotting body, claws 1, carnivore, cold resistance 1, negative energy
resistance 3, inhibited regeneration, torment resistance, unbreathing
a: no special abilities


You were on level 3 of the Dungeon.
You were not hungry.

You visited 1 branch of the dungeon, and saw 4 of its levels.

You collected 182 gold pieces.

Inventory:

Missiles
 g - 5 javelins (quivered)
 k - 10 poisoned darts
Armour
 a - a +1 ring mail (worn)
Jewellery
 j - a ring of protection from fire (left claw)
Scrolls
 c - 6 scrolls of identify
 d - a scroll of enchant weapon {unknown}
 e - 3 scrolls of teleportation
Potions
 f - a potion of cancellation {unknown}
 h - a potion of stabbing {unknown}
 i - 2 potions of flight
Comestibles
 b - 5 rations


   Skills:
 * Level 5.8 Fighting
 + Level 2.3 Armour
 - Level 2.8 Dodging
 - Level 2.1 Stealth
 * Level 5.7 Unarmed Combat


You had 5 spell levels left.
You didn't know any spells.
Your spell library was empty.

Dungeon Overview and Level Annotations

Branches:
Dungeon (4/15)
 Temple: D:4-7

Altars:
Uskayaw
Xom


Innate Abilities, Weirdness & Mutations

Your body is rotting away.
You thrive on raw meat.
You are immune to poison.
You have sharp fingernails.
You are carnivorous and can eat meat at any time.
Your flesh is cold resistant. (rC+)
You are immune to negative energy. (rN+++)
You do not regenerate when monsters are visible.
You are immune to unholy pain and torment.
You can survive without breathing.


Message History

The howler monkey barely misses you. The ogre hits you but does no damage.
You claw the howler monkey!
You kill the howler monkey!
You scratch the ogre.
The ogre is lightly wounded.
The ogre closely misses you.
You claw the ogre!
The ogre is heavily wounded.
The ogre hits you with a +0 giant club!
You scratch the ogre.
The ogre is heavily wounded.
You scratch the ogre.
The ogre is heavily wounded.
The ogre hits you with a +0 giant club.
* * * LOW HITPOINT WARNING * * *
Okay, then.
As you read the scroll of teleportation, it crumbles to dust.
You feel strangely unstable.
The ogre hits you with a +0 giant club!!
You die...

............#
.......####.# ######.#
#.# ## #.#
##.########## .#
#.###...#.#.#.#.## ##
#.##..#..........# ####
#.##.####.......## ...#
#.##..#..........# ...#
#.###...#.O@....##
##.###.#...##...†.....#
...........###.......##
##.#...#.....)[.......#
#.#.####.##.#.#.#.#.##
#.#.# #.##.........#
#.#.# #.############
#...# #.# #...# #.#


You could see an ogre.

Vanquished Creatures
  Menkaure (D:4)
  A howler monkey (D:3)
  2 orc priests
  An orc wizard (D:3)
  Jessica (D:2)
  6 adders
  An ooze (D:1)
  A worm (D:3)
  3 dart slugs
  3 leopard geckos
  11 orcs
  4 giant cockroaches
  3 goblins
  5 hobgoblins
  4 jackals
  5 bats
  5 frilled lizards
  7 kobolds
  3 rats
67 creatures vanquished.

Notes
Turn   | Place    | Note
-------+----------+-------------------------------------------
     0 | D:1      | nikku the Ghoul Monk began the quest for the Orb.
     0 | D:1      | Reached XP level 1. HP: 19/19 MP: 0/0
   273 | D:1      | Reached XP level 2. HP: 26/26 MP: 1/1
  1033 | D:1      | Reached XP level 3. HP: 31/33 MP: 2/2
  1804 | D:2      | Reached XP level 4. HP: 40/40 MP: 3/3
  2212 | D:2      | Noticed Jessica
  2214 | D:2      | Killed Jessica
  2214 | D:2      | Reached skill level 1 in Armour
  2256 | D:2      | Reached XP level 5. HP: 4/47 MP: 4/4
  2256 | D:2      | HP: 1/47 [orc (3)]
  2931 | D:3      | Reached skill level 5 in Fighting
  2994 | D:3      | Found a hide-covered altar of Uskayaw.
  3040 | D:3      | Reached skill level 5 in Unarmed Combat
  3115 | D:3      | Found a shimmering altar of Xom.
  3134 | D:3      | Reached XP level 6. HP: 50/56 MP: 5/5
  3359 | D:4      | Noticed Menkaure
  3378 | D:4      | Killed Menkaure
  3593 | D:3      | Slain by an ogre

Illustrated notes

Levels and vault maps discovered:
D:1:      minmay_arrival_checkered_box, layout_basic, minivault_19,
          roderic_roman_lattice
D:2:      layout_loops_ring, uniq_jessica
D:3:      layout_loops_ring, eat_drink_and_be_merry_uskayaw,
          nicolae_overflow_crystal_walls, st_stairs_4
D:4:      layout_rooms, minmay_increasing_density, uniq_menkaure, uniq_grinder

Skill      XL: |  1  2  3  4  5  6 |
---------------+-------------------+-----
Fighting       | 4 5 |  5.8
Unarmed Combat | 4 5 |  5.7
Armour         | 1 2 |  2.3
Dodging        | |  2.8
Stealth        | |  2.1

Action                   |  1- 3 |  4- 6 || total
-------------------------+-------+-------++-------
Melee: Unarmed           |    73 |   157 ||   230
       Punch             |       |     1 ||     1
  Use: Scroll            |     4 |    10 ||    14
       Potion            |       |     2 ||     2
 Stab: Sleeping          |     2 |     1 ||     3
  Eat: Chunk             |     5 |    15 ||    20
Armor: Robe              |     6 |       ||     6
       Leather armour    |     2 |       ||     2
       Ring mail         |    12 |    59 ||    71
Dodge: Dodged            |    34 |    86 ||   120
